Pwp, lawful female human Valkyrie --------------- |.@d......).... ...f..........| |.............. --------------- Pwp the Skirmisher Experience level: 4 Strength: 20 Dexterity: 14 Constitution: 18 Intelligence: 7 Wisdom: 9 Charisma: 7 Health: 0(42) Energy: 12(12) Def: 8 Gold: 316 Moves: 2066 Dungeon seed: PTkZ-oPBhKAVRMLL Game ID: Pwp_1517595208 Your Inventory: Coins $ - 316 gold pieces Weapons a - an uncursed +1 long sword (weapon in hand) Armor e - an uncursed +3 small shield (being worn) n - an uncursed +0 ring mail (being worn) q - an uncursed +0 orcish helm (being worn) Comestibles c - 2 uncursed food rations v - 2 uncursed slime molds w - an uncursed tripe ration Scrolls f - 3 uncursed scrolls of enchant armor g - a blessed scroll of light h - an uncursed scroll of create monster j - an uncursed scroll of stinking cloud l - an uncursed scroll of enchant weapon s - a blessed scroll of identify t - a blessed scroll of magic mapping y - a cursed scroll of teleportation z - a cursed scroll of identify B - an uncursed scroll of identify Potions k - 3 uncursed potions of hallucination p - an uncursed potion of extra healing Wands x - an uncursed wand of light (0:11) Tools d - an uncursed oil lamp (0:1236) A - an uncursed skeleton key Spells and supernatural/magical abilities: Name Level Category Fail Memory I - identify 2 divination 100% 100% W - pray for help -- divine ? -- Your skills at the end: Fighting Skills wands [Basic] Weapon Skills dagger [Basic] long sword [Basic] Spellcasting Skills Final Attributes: You were immune to cold. You were stealthy. You were lucky. You are dead. Vanquished creatures: a small mimic a little dog an iguana an acid blob a gas spore a hobbit a large kobold a yellow mold 8 jackals 2 kobolds 5 goblins 7 grid bugs 4 lichens a newt 35 creatures vanquished. Voluntary challenges: You had followed a strict vegan diet until turn 1962. You had followed a strict vegetarian diet until turn 1962. You were an atheist. You used a wielded weapon 33 times, starting on turn 156. You read items or engraved 6 times, starting on turn 1674. You never genocided any monsters. You never polymorphed an object. You never changed form. You used no wishes. You never split a pudding. You never wrote Elbereth's name. You never violated your personal moral code. Dungeon overview: The Dungeons of Doom: levels 1 to 6 Level 1 a fountain a long staircase Level 2 a long staircase Level 3 a fountain Level 4 a general store Level 5 a general store, a sink Level 6 <- You were here History has recorded: On T:1 you entered the Dungeons of Doom to retrieve the Amulet of Yendor! On T:369 you reached level 2 of The Dungeons of Doom. On T:701 you reached level 3 of The Dungeons of Doom. On T:724 you advanced to experience level 2. On T:1031 you reached level 4 of The Dungeons of Doom. On T:1092 you advanced to experience level 3. On T:1404 you advanced to experience level 4. On T:1599 you reached level 5 of The Dungeons of Doom. On T:2000 you reached level 6 of The Dungeons of Doom. Score breakdown: Gold: 316 ( 8507 points) Experience: 4 levels ( 9649 points) Exploration: 6 levels ( 12.24%) ( 9682 points) Discoveries: 4 items ( 1.61%) ( 3802 points) Valuables value: (no points given unless you survive) Artifact value: 0 ( 0 points) Variety of kills: 14 monsters ( 3.68%) ( 5758 points) Turncount: 2066 turns ( -48 points) Survival: died (score multiplied by 80%) Total score: 29880 Latest messages: o - an orcish dagger (in quiver). You fill your quiver: o - an orcish dagger (in quiver). The orcish dagger misses the large cat. Health restored. You stop waiting. [42 turns] You miss the large cat. The large cat bites! (2x) You hit the large cat! The large cat bites! You miss the large cat. The large cat bites! You hit the large cat! The large cat bites! You hit the large cat! The large cat bites! (2x) You hit the large cat! The large cat bites! You hear the chime of a cash register. You hit the large cat! The large cat bites! You die... Final status: Farvel Pwp the Valkyrie, killed by a large cat... You died in The Dungeons of Doom on dungeon level 6 with 29880 points, and 316 pieces of gold, after 2066 moves. You were level 4 with a maximum of 42 hit points when you died.